 Dungeon Crawl Stone Soup version 0.21-a0-498-g1b60429 (webtiles) character file.

5623 4thArraOfDagon the Cleaver (level 10, -2/91 HPs)
             Began as a Naga Abyssal Knight on Nov 24, 2017.
             Was a Believer of Lugonu.
             Slain by a wraith (8 damage)
             ... led by Josephine
             ... on level 11 of the Dungeon.
             The game lasted 00:22:29 (4540 turns).

4thArraOfDagon the Cleaver (Naga Abyssal Knight)    Turns: 4540, Time: 00:22:30

Health: -2/91      AC: 15    Str: 18    XL:     10   Next: 73%
Magic:  15/15      EV: 12    Int: 16    God:    Lugonu [**....]
Gold:   115        SH:  0    Dex: 16    Spells: 9/9 levels left

rFire    . . .     SeeInvis +   l - +2 hand axe (flame)
rCold    + . .     Gourm    .   (no shield)
rNeg     . . .     Faith    .   u - +6 chain mail of an ice cave {Str+4}
rPois    +         Spirit   .   (no helmet)
rElec    +         Reflect  .   z - +0 cloak "Riah" {rElec} (curse)
rCorr    .         Harm     .   C - +0 pair of gloves
MR       +....                  (no barding)
Stlth    ..........             (no amulet)
HPRegen  0.25/turn              J - ring of protection from cold
MPRegen  0.14/turn              (no ring)

@: agile, slowed, drained, very slow
A: large, see invisible, deformed body, poison resistance, slowness 2, slow
metabolism 1, spit poison 1, AC +3
a: Spit Poison, Depart the Abyss, Bend Space, Renounce Religion


You were on level 11 of the Dungeon.
You worshipped Lugonu.
Lugonu was pleased with you.
You were not hungry.

You visited 2 branches of the dungeon, and saw 12 of its levels.
You visited the Abyss 1 time.

You collected 421 gold pieces.
You spent 306 gold pieces at shops.

Inventory:

Hand Weapons
 a - a +1 spear
 l - a +2 hand axe of flaming (weapon)
 E - a +1 battleaxe of chopping
 N - the +6 longbow of Sudden Death {speed, rPois}
   (You bought it in a shop on level 8 of the Dungeon)

   Attacks with this weapon are significantly faster.
   It protects you from poison.
Missiles
 e - a poisoned javelin (quivered)
Armour
 b - a +0 leather armour
 p - a +1 chain mail
 u - the +6 chain mail of an ice cave (worn) {Str+4}
   (You found it on level 4 of the Dungeon)

   It affects your strength (+4).
 z - the cursed +0 cloak "Riah" (worn) {rElec}
   (You found it on level 5 of the Dungeon)

   It insulates you from electricity.
   It has a curse placed upon it.
 A - a +1 robe of resistance
 C - a +0 pair of gloves (worn)
Magical Staves
 G - an uncursed staff of summoning {!a}
Jewellery
 J - a ring of protection from cold (left hand)
Wands
 q - a wand of iceblast (8)
 K - a wand of polymorph (11)
 O - a wand of paralysis (8)
Scrolls
 g - a scroll of amnesia {unknown}
 h - 5 scrolls of magic mapping {unknown}
 i - a scroll of enchant weapon {unknown}
 m - 2 scrolls of random uselessness {unknown}
 n - 3 scrolls of blinking
 r - 5 scrolls of identify {unknown}
 t - a scroll of noise {unknown}
 w - a scroll of immolation {unknown}
 y - 2 scrolls of enchant armour
 B - 4 scrolls of teleportation {unknown}
 L - 2 scrolls of remove curse {unknown}
Potions
 d - a potion of degeneration
 f - 2 potions of resistance {unknown}
 j - a potion of mutation {unknown}
 o - 3 potions of heal wounds {unknown}
 s - a potion of ambrosia {unknown}
 v - a potion of cancellation {unknown}
 x - 6 potions of curing {unknown}
 D - a potion of berserk rage {unknown}
 I - a potion of haste
 P - a potion of agility
Books
 H - a book of Battle

   Spells                             Type                      Level
   a - Infusion                       Charms                       1
   b - Shroud of Golubria             Charms/Translocation         2
   c - Song of Slaying                Charms                       2
   d - Spectral Weapon                Hexes/Charms                 3
   e - Regeneration                   Charms/Necromancy            3
Miscellaneous
 k - a phial of floods (inert)
Comestibles
 c - 5 bread rations
 F - a meat ration
 M - a royal jelly
 Q - 10 chunks of flesh


   Skills:
 - Level 6.2(5.6) Fighting
 * Level 10.2(9.8) Axes
 - Level 3.2(6.7) Polearms
 - Level 0.1(0.0) Bows
 - Level 1.5(1.0) Armour
 - Level 5.3(4.8) Dodging
 + Level 7.6(7.0) Invocations
 * Level 3.6(3.0) Evocations


You had 9 spell levels left.
You didn't know any spells.

Dungeon Overview and Level Annotations

Branches:
Dungeon (11/15)            Temple (1/1) D:4
   Lair: D:8-11         Orc: D:9-12

Altars:
Ashenzari
Elyvilon
Kikubaaqudgha
Nemelex Xobeh
Ru
Sif Muna
Vehumet

Shops:
D:8 *

Annotations:
D:5 Edmund
D:10 nikopol's ghost, novice DEFE


Innate Abilities, Weirdness & Mutations

You cannot wear boots.
Your serpentine skin is tough. (AC +3)
You have supernaturally acute eyesight. (SInv)
Armour fits poorly on your strangely shaped body.
Your system is resistant to poisons. (rPois)
You cover ground very slowly.
You have a slow metabolism.
You can spit poison.


Message History

You feel agile all of a sudden. The wraith barely misses you.
The wraith closely misses you.
Unknown command.
Okay, then.
Evoke which item? (* to show all) (? for menu, Esc to quit)
Aiming: Paralyse
Press: ? - help, Shift-Dir - straight line, f/p - wraith
Aim: a wraith (lightly damaged, chance to defeat MR: 21%)
The wraith resists with almost no effort.
The wraith misses you.
Unknown command.
Evoke which item? (* to show all) (? for menu, Esc to quit)
Aiming: Paralyse
Press: ? - help, Shift-Dir - straight line, f/p - wraith
Aim: a wraith (lightly damaged, chance to defeat MR: 21%)
The wraith resists with almost no effort.
The wraith hits you!
* * * LOW HITPOINT WARNING * * *
The wraith hits you!
You die...

#
#.##.......##
##.###.## #.
##.....## #.#
# #. ##...##
#.# #. ##'##
#.# #. #.#
#.# .. #.#
#.. ##.##
##.W.####
#..@....#
#.#......#
#.###.....#
...
#.........
###
#.......###
#########


You could see a wraith.

Vanquished Creatures
  A two-headed ogre (D:9)
  A troll (D:11)
  A hippogriff (D:10)
  Sigmund (D:5)
  2 yaks (D:9)
  A wyvern (D:11)
  2 wraiths (D:11)
  4 ice beasts
  2 black bears (D:9)
  An orc warrior (D:9)
  2 ogres
  A big kobold (D:9)
  5 bullfrogs
  2 wyvern skeletons
  A scorpion (D:5)
  A water moccasin skeleton (D:9)
  5 killer bees (D:9)
  A howler monkey (D:6)
  5 wights (D:11)
  2 crimson imps
  2 quasits
  4 orc priests
  A centaur skeleton (D:4)
  A jelly (D:8)
  3 orc wizards
  A bullfrog skeleton (D:4)
  A hound (D:6)
  2 iguanas
  5 worker ants
  2 worker ant zombies (D:9)
  3 gnolls (D:5)
  9 adders
  A shadow imp (D:6)
  An adder zombie (D:9)
  2 adder skeletons
  A leopard gecko (D:10)
  30 orcs
  4 giant cockroaches
  A goblin (D:2)
  A hobgoblin (D:1)
  7 jackals
  6 kobolds
  A quokka (D:9)
  A ball python (D:4)
  2 bats (D:1)
  3 frilled lizards
  A leopard gecko zombie (D:7)
  7 rats
144 creatures vanquished.

Vanquished Creatures (collateral kills)
  3 yaks (D:9)
  An orc warrior (D:6)
  An orc wizard (D:6)
  An orc (D:6)
6 creatures vanquished.

Vanquished Creatures (others)
  A two-headed ogre (D:9)
  An ugly thing (D:11)
  A gargoyle (D:11)
  A hungry ghost (D:9)
4 creatures vanquished.

Grand Total: 154 creatures vanquished

Notes
Turn   | Place    | Note
-------+----------+-------------------------------------------
     0 | Abyss:1  | 4thArraOfDagon the Naga Abyssal Knight began the quest for the Orb.
     0 | Abyss:1  | Reached XP level 1. HP: 21/21 MP: 2/2
    71 | Abyss:3  | Noticed a golden eye
    73 | D:1      | Escaped the Abyss
   181 | D:1      | Reached * piety under Lugonu
   181 | D:1      | Reached XP level 2. HP: 28/28 MP: 3/3
   355 | D:3      | Reached skill level 1 in Axes
   355 | D:3      | Reached XP level 3. HP: 27/34 MP: 4/4
   553 | D:3      | Reached skill level 2 in Axes
   553 | D:3      | Reached XP level 4. HP: 34/42 MP: 5/5
   743 | D:4      | Got a steaming chain mail
   754 | D:4      | Identified the +6 chain mail of an ice cave {Str+4} (You found it on level 4 of the Dungeon)
   765 | D:4      | Found a shattered altar of Ashenzari.
   765 | D:4      | Found a staircase to the Ecumenical Temple.
   776 | D:4      | Reached skill level 3 in Axes
   786 | D:4      | Reached XP level 5. HP: 26/49 MP: 6/6
   807 | Temple   | Entered the Ecumenical Temple
   905 | D:5      | Entered Level 5 of the Dungeon
   921 | D:5      | Reached skill level 4 in Axes
   921 | D:5      | Reached skill level 1 in Dodging
  1000 | D:5      | Noticed Sigmund
  1023 | D:5      | Killed Sigmund
  1023 | D:5      | Reached XP level 6. HP: 28/56 MP: 6/8
  1062 | D:5      | Noticed Edmund
  1076 | D:4      | Reached ** piety under Lugonu
  1372 | D:3      | Found a white marble altar of Elyvilon.
  1374 | D:3      | Found a sparkling altar of Nemelex Xobeh.
  1374 | D:3      | Found a transporter.
  1374 | D:3      | Noticed a black bear
  1541 | D:4      | Reached XP level 7. HP: 47/63 MP: 9/9
  1586 | D:4      | Reached skill level 5 in Axes
  1738 | D:5      | Got a faintly humming cloak
  1744 | D:5      | Identified the cursed +0 cloak "Riah" {rElec} (You found it on level 5 of the Dungeon)
  1879 | D:6      | Reached XP level 8. HP: 58/73 MP: 9/11
  1888 | D:6      | Reached skill level 6 in Axes
  1899 | D:6      | Reached *** piety under Lugonu
  2456 | D:8      | Found Eleal's Assorted Antiques.
  2464 | D:8      | Bought a sapphire potion for 22 gold pieces
  2464 | D:8      | Bought a bubbling emerald potion for 22 gold pieces
  2464 | D:8      | Bought a scroll labeled ISONGA GIBYBE for 25 gold pieces
  2483 | D:8      | Bought a polished longbow for 237 gold pieces
  2483 | D:8      | Identified the +6 longbow of Sudden Death {speed, rPois} (You bought it in a shop on level 8 of the Dungeon)
  2634 | D:8      | Reached skill level 5 in Fighting
  2727 | D:9      | Noticed a troll
  2809 | D:9      | Reached skill level 7 in Axes
  2809 | D:9      | Reached skill level 5 in Invocations
  2949 | D:7      | Reached XP level 9. HP: 53/81 MP: 12/12
  3065 | D:10     | Entered Level 10 of the Dungeon
  3065 | D:10     | Noticed nikopol's ghost (novice DEFE)
  3279 | D:9      | Reached skill level 8 in Axes
  3479 | D:9      | Noticed a two-headed ogre
  3489 | D:9      | Killed a two-headed ogre
  3506 | D:9      | Noticed a two-headed ogre
  3510 | D:9      | Banished a two-headed ogre
  3510 | D:9      | Reached skill level 9 in Axes
  3546 | D:9      | Reached XP level 10. HP: 53/91 MP: 6/14
  3692 | D:9      | Reached skill level 5 in Dodging
  3989 | D:11     | Reached skill level 1 in Evocations
  4033 | D:11     | Noticed a cyan ugly thing
  4035 | D:11     | Banished a cyan ugly thing
  4273 | D:11     | Noticed a gargoyle
  4276 | D:11     | Banished a gargoyle
  4322 | D:11     | Reached skill level 10 in Axes
  4540 | D:11     | Slain by a wraith

Vault maps used:
D:1:      sevenhm_arrival_forest_fort_large_1, minmay_misc_feat_more_columns
D:2:      serial_park_tiny_1, minmay_misc_feat_diagonals
D:3:      minitemple, grunt_ministairs_1, grunt_nemelex_the_gamble
D:4:      minmay_temple_entry_butterflies, first_bread, evilmike_ruin_ashenzari
D:5:      uniq_sigmund, uniq_edmund
D:8:      serial_shops, nicolae_shop_overgrown_old_shop
D:10:     erik_lair_dragon
D:11:     uniq_josephine
Temple:   compressed_dpeg_circular_temple
Abyss:2:  hangedman_abyss_or_decor_slice, lemuel_flamethrower_3

Skill      XL: |  1  2  3  4  5  6  7  8  9 10 |
---------------+-------------------------------+-----
Polearms       | 3 |  3.2
Axes           | 1 2 3 4 5 7 9 10 | 10.2
Dodging        | 1 2 3 4 5 |  5.3
Invocations    | 3 4 5 6 7 |  7.6
Fighting       | 4 5 6 |  6.2
Evocations     | 3 |  3.6
Bows           | |  0.1
Armour         | |  1.5

Action                   |  1- 3 |  4- 6 |  7- 9 | 10-12 || total
-------------------------+-------+-------+-------+-------++-------
Melee: Spear             |    24 |       |       |       ||    24
       Hand axe          |    23 |    59 |   293 |   188 ||   563
       Battleaxe         |       |       |    18 |    12 ||    30
Throw: Javelin           |     6 |     5 |     7 |     9 ||    27
       Throwing net      |       |       |     1 |       ||     1
Invok: Depart the Abyss  |     1 |       |       |       ||     1
       Banish            |       |       |     7 |     6 ||    13
 Abil: Spit Poison       |    12 |    15 |    27 |    11 ||    65
Evoke: Phial of floods   |       |       |     1 |     1 ||     2
       Wand              |       |       |     1 |     6 ||     7
  Use: Scroll            |       |     3 |       |       ||     3
       Potion            |       |     2 |     1 |     2 ||     5
 Stab: Held in net/web   |       |       |     2 |       ||     2
       Paralysed         |       |       |       |     4 ||     4
  Eat: Chunk             |       |     2 |     3 |       ||     5
       Fruit             |       |       |     7 |     6 ||    13
       Royal jelly       |       |       |     2 |       ||     2
       Bread ration      |       |       |     1 |       ||     1
Armor: Leather armour    |    10 |       |       |       ||    10
       Chain mail        |    20 |    33 |   195 |   127 ||   375
       Skin              |       |     5 |    22 |       ||    27
Dodge: Dodged            |    27 |    22 |    78 |    56 ||   183

Table legend:
 A = Spawn XP
 B = Non-spawn XP
 C = Spawn XP percentage of total XP
 D = Spawn monster count
 E = Non-spawn monster count
 F = Spawn count percentage of total count
 G = Total turns spent on level
                    A         B        C        D         E        F      G
               +---------+---------+-------+---------+---------+-------+---------
         Total |       0 |    8034 |   0.0 |       0 |     154 |   0.0 |  4540
               +---------+---------+-------+---------+---------+-------+---------
           D:1 |       0 |      11 |   0.0 |       0 |       9 |   0.0 |   143
           D:2 |       0 |      14 |   0.0 |       0 |       9 |   0.0 |   221
           D:3 |       0 |      86 |   0.0 |       0 |      16 |   0.0 |   488
           D:4 |       0 |     316 |   0.0 |       0 |      20 |   0.0 |   483
           D:5 |       0 |     454 |   0.0 |       0 |      11 |   0.0 |   370
           D:6 |       0 |     693 |   0.0 |       0 |      15 |   0.0 |   283
           D:7 |       0 |     282 |   0.0 |       0 |       5 |   0.0 |   214
           D:8 |       0 |     174 |   0.0 |       0 |       9 |   0.0 |   518
           D:9 |       0 |    3401 |   0.0 |       0 |      37 |   0.0 |  1022
          D:10 |       0 |     238 |   0.0 |       0 |       2 |   0.0 |   165
          D:11 |       0 |    2365 |   0.0 |       0 |      21 |   0.0 |   556
               +---------+---------+-------+---------+---------+-------+---------
